 Dungeon Crawl Stone Soup version 0.27.1-1-g398f81649c (webtiles) character file.

Game seed: 8317667711565970946

662 DearestLeader the Reanimator (level 7, 0/58 HPs)
             Began as a Deep Dwarf Necromancer on Sept 14, 2021.
             Was an Initiate of Makhleb.
             Slain by a gnoll (4 damage)
             ... on level 5 of the Dungeon on Sept 15, 2021.
             The game lasted 00:11:33 (5034 turns).

DearestLeader the Reanimator (DDNe)                 Turns: 5034, Time: 00:11:34

Health: 0/58       AC:  7    Str: 12    XL:     7   Next: 30%
Magic:  2/10       EV: 11    Int: 17    God:    Makhleb [......]
Gold:   166        SH:  0    Dex: 13    Spells: 5/10 levels left

rFire    . . .     SeeInvis .   c - +3 flail
rCold    . . .     Faith    .   (no shield)
rNeg     . . .     Spirit   .   o - +0 ring mail
rPois    .         Reflect  .   (no helmet)
rElec    .         Harm     .   (no cloak)
rCorr    .         Rampage  .   k - +0 pair of gloves
Will     +....                  f - +0 pair of boots
Stlth    +.........             (no amulet)
HPRegen  0.00/turn              (no ring)
MPRegen  0.12/turn              (no ring)

@: no status effects
A: damage resistance, heal wounds, sense surroundings 1, no regeneration
a: Heal Wounds, Renounce Religion


You were on level 5 of the Dungeon.
You worshipped Makhleb.
Makhleb was noncommittal.
You visited 2 branches of the dungeon, and saw 6 of its levels.
You also visited: Ossuary.

You collected 166 gold pieces.

Inventory:

Hand Weapons
 b - a +0 falchion
 c - a +3 flail (weapon)
 s - a +2 scimitar of freezing
Missiles
 r - a throwing net
 w - 21 sling bullets
Armour
 a - a +0 robe
 e - a +0 plate armour
 f - a +0 pair of boots (worn)
 g - a +0 leather armour
 j - a +1 plate armour
 k - a +0 pair of gloves (worn)
 o - a +0 ring mail (worn)
 t - a +0 robe of willpower
Jewellery
 h - an amulet of guardian spirit
 p - an amulet of faith
Scrolls
 n - a scroll of noise
 q - a scroll of identify
 u - 2 scrolls of fog
 z - a scroll of enchant armour
Potions
 d - 4 potions of curing
 i - a potion of ambrosia
 l - a potion of might
 m - 2 potions of mutation {unknown}
 v - a potion of degeneration {unknown}
 x - a potion of heal wounds {unknown}
 A - a potion of attraction {unknown}


   Skills:
 + Level 1.7 Fighting
 - Level 3.0 Armour
 - Level 2.1 Dodging
 - Level 2.4 Stealth
 - Level 2.0 Spellcasting
 * Level 8.9 Necromancy


You had 5 spell levels left.
You knew the following spells:

 Your Spells              Type           Power      Damage    Failure   Level
a - Pain                  Necr           100%       1d9       1%          1
b - Animate Skeleton      Necr           62%        N/A       1%          1
c - Vampiric Draining     Necr           15%        2d8       3%          3

Your spell library contained the following spells:

 Spells                   Type           Power      Damage    Failure   Level
 Animate Dead             Necr           15%        N/A       11%         4
 Agony                    Necr           31%        N/A       30%         5
 Ignite Poison            Fire/Tmut/Pois 1%         N/A       77%         3
 Mephitic Cloud           Conj/Pois/Air  1%         N/A       77%         3
 Bolt of Magma            Conj/Fire/Erth 0%         4d4       100%        5
 Haunt                    Necr/Summ      8%         N/A       100%        7
 Infestation              Necr           15%        N/A       100%        8


Dungeon Overview and Level Annotations

Branches:
Dungeon (5/15)             Temple (1/1) D:4         Ossuary (visited)

Altars:
Ashenzari
Cheibriados
Dithmenos
Elyvilon
Fedhas
Gozag
Hepliaklqana
Makhleb
Nemelex Xobeh
Okawaru
Qazlal
Ru
Sif Muna
Trog
Uskayaw
Vehumet
Wu Jian
Xom
Yredelemnul
Zin

Shops:
D:1 *


Innate Abilities, Weirdness & Mutations

You are resistant to damage.
You can heal yourself by infusing magical energy.
You passively map a small area around you.
You do not regenerate.


Message History

You sock the gnoll!
You kill the gnoll!
Makhleb accepts your kill. The gnoll barely misses you.
The gnoll closely misses you. The gnoll hits you but does no damage.
The gnoll hits you with a +0 club.
You sock the white imp!
You kill the white imp!
Makhleb accepts your kill.
The gnoll hits you from afar with a +0 halberd.
* * * LOW HITPOINT WARNING * * *
The gnoll hits you but does no damage.
You sock the gnoll!
You kill the gnoll!
Makhleb accepts your kill. The gnoll closely misses you.
The gnoll barely misses you. The gnoll misses you.
You sock the gnoll!
The gnoll is severely wounded.
The gnoll hits you from afar with a +0 halberd.
* * * LOW HITPOINT WARNING * * *
The gnoll closely misses you. x2
The gnoll hits you with a +0 flail!
* * * LOW HITPOINT WARNING * * *
The gnoll closely misses you.
Things that are here:
a +0 club; a gnoll corpse Unknown command.
Casting: Vampiric Draining (dangerous; 3% risk of failure)
Confirm with . or Enter, or press ? or * to list all spells.
Aiming: Vampiric Draining (dangerous; 3% risk of failure)
Press: ? - help, Shift-Dir - straight line, f - gnoll
Aim: a gnoll, wielding a +0 halberd (moderately wounded)
You draw life force from the gnoll!
You feel life coursing into your body. The gnoll hits you with a +0 flail.
* * * LOW HITPOINT WARNING * * *
The gnoll barely misses you.
You hit the gnoll.
The gnoll is almost dead.
The gnoll hits you with a +0 flail!
You die...

,,#.....#...#......#....#....#
#.....###.#......#...###.>.#
,.....### ####....##...###)..#
...... ,*, #....#....)#....#
......* #....#.....#....# , *
#....#.....#....# ,
,#....#.....#....# , ,
#g...#.....#....# *, ,
,######+#@...####'###...# ,
........g.........###### ,
,..................#....#
..................#....#
..................#....# ,,
..................#....# ,
..[...............'....#
,....................#'##### ,
####.....#######+#####.......#


You could see 2 gnolls.

Vanquished Creatures
  An ogre (D:5)
  A scorpion (D:5)
  2 elf skeletons (D:4)
  A howler monkey (D:4)
  2 wights (Ossuary)
  3 human skeletons (D:4)
  2 gnolls (D:5)
  6 adders
  A white imp (D:5)
  2 adder skeletons (D:4)
  3 worms
  A dart slug (D:4)
  6 orcs (D:4)
  7 ball pythons
  4 bats
  7 endoplasms
  2 giant cockroaches
  4 goblins
  7 hobgoblins
  10 jackals
  11 kobolds
  A quokka (D:2)
  5 frilled lizards
  A hobgoblin zombie (Ossuary)
  An orc skeleton (D:4)
  6 rats
97 creatures vanquished.

Vanquished Creatures (others)
  2 fungi (D:3)
  2 plants (D:3)
4 creatures vanquished.

Grand Total: 101 creatures vanquished

Notes
Turn   | Place    | Note
-------+----------+-------------------------------------------
     0 | D:1      | DearestLeader the Deep Dwarf Necromancer began the quest
                  | for the Orb.
     0 | D:1      | Reached XP level 1. HP: 15/15 MP: 3/3
   145 | D:1      | Reached XP level 2. HP: 19/22 MP: 0/4
   167 | D:1      | Reached skill level 5 in Necromancy
   457 | D:1      | Found Vuagau Tagu's Assorted Antiques.
  1198 | D:2      | Reached XP level 3. HP: 22/28 MP: 5/5
  1200 | D:2      | Learned a level 1 spell: Animate Skeleton
  1204 | D:2      | Learned a level 3 spell: Vampiric Draining
  1510 | D:2      | Reached skill level 1 in Armour
  1642 | D:2      | Found a shimmering blue altar of Sif Muna.
  2258 | D:3      | Reached XP level 4. HP: 35/36 MP: 7/7
  2365 | D:3      | Reached skill level 6 in Necromancy
  2401 | D:3      | Found a faded altar of an unknown god.
  3199 | D:4      | Found a staircase to the Ecumenical Temple.
  3217 | D:4      | Reached XP level 5. HP: 39/42 MP: 6/8
  3231 | Temple   | Entered the Ecumenical Temple
  3275 | Temple   | Became a worshipper of Makhleb the Destroyer
  3426 | D:4      | Reached skill level 7 in Necromancy
  3480 | D:4      | Found a sand-covered staircase.
  3489 | D:4      | Reached XP level 6. HP: 20/49 MP: 9/9
  3492 | Ossuary  | Entered an ossuary
  3761 | Ossuary  | Noticed a wraith
  3761 | Ossuary  | Noticed a flying skull
  3771 | Ossuary  | Noticed a flying skull
  3794 | Ossuary  | Noticed a flying skull
  3820 | Ossuary  | Noticed a wraith
  3905 | D:4      | Reached skill level 8 in Necromancy
  4740 | D:5      | Entered Level 5 of the Dungeon
  4792 | D:5      | Reached skill level 1 in Fighting
  4792 | D:5      | Reached XP level 7. HP: 24/57 MP: 0/10
  5034 | D:5      | Slain by a gnoll

Illustrated notes

Levels and vault maps discovered:
D:1:      eino_arrival_tree_alley, layout_basic, serial_shops, shop,
          minmay_split_cup_large
D:2:      layout_loops_cross, basic_altar
D:3:      layout_basic, shapermc_ecumenical_altar_acropolis, grunt_ministairs_4
D:4:      layout_loops_cross, minmay_temple_entry_offerings,
          nicolae_ossuary_entry_catacombs
D:5:      layout_gridville, serial_shops, nicolae_shop_crystal,
          serial_park_tiny_2
Temple:   nicolae_temple_the_god_donut

Skill      XL: |  1  2  3  4  5  6 |
---------------+-------------------+-----
Necromancy     | 5 6 7 8 |  8.9
Armour         | 1 2 3 |  3.0
Spellcasting   | 2 |  2.0
Fighting       | 1 |  1.7
Dodging        | |  2.1
Stealth        | |  2.4

Action                   |  1- 3 |  4- 6 |  7- 9 || total
-------------------------+-------+-------+-------++-------
Melee: Flail             |    72 |   147 |     8 ||   227
 Cast: Pain              |    44 |     1 |       ||    45
       Vampiric Draining |     5 |    23 |     6 ||    34
  Use: Scroll            |       |     8 |       ||     8
       Potion            |       |     2 |       ||     2
 Stab: Sleeping          |     5 |     1 |       ||     6
Armor: Leather armour    |    14 |     4 |       ||    18
       Robe              |     3 |       |       ||     3
       Ring mail         |       |    52 |     4 ||    56
Dodge: Dodged            |    71 |    78 |    18 ||   167
